 Dungeon Crawl Stone Soup version 0.25.0-9-g26727b657a (webtiles) character file.

Game seed: 2489652578076904308

165 Gobbopathe the Stinger (level 5, 0/31 HPs)
             Began as an Octopode Venom Mage on June 16, 2020.
             Succumbed to a worker ant's poison
             ... on level 4 of the Dungeon.
             The game lasted 00:09:28 (2954 turns).

Gobbopathe the Stinger (Octopode Venom Mage)        Turns: 2954, Time: 00:09:28

Health: 0/31       AC:  1    Str:  5 (8)  XL:     5   Next: 46%
Magic:  5/9        EV: 13    Int: 17 (18) God:
Gold:   77         SH:  0    Dex:  9 (12) Spells: 2/10 levels left

rFire    . . .     SeeInvis .   a - +3 short sword (holy)
rCold    + . .     Gourm    .   (no shield)
rNeg     . . .     Faith    .   (helmet restricted)
rPois    .         Spirit   .   (no amulet)
rElec    .         Reflect  .   k - ring of protection from cold
rCorr    .         Harm     .   m - ring of wizardry
MR       .....                  (no ring)
Stlth    +++.......             (no ring)
HPRegen  0.10/turn              (no ring)
MPRegen  0.11/turn              (no ring)
                                (no ring)
                                (no ring)

@: lethally poisoned (0 -> -11), berserk cooldown, slowed, very slow
A: almost no armour, stealthy swim, amphibious, 8 rings, constrict 8, camouflage
1, gelatinous body 1
a: no special abilities


You were on level 4 of the Dungeon.
You were not hungry.

You visited 1 branch of the dungeon, and saw 4 of its levels.

You collected 77 gold pieces.

Inventory:

Hand Weapons
 a - a +3 short sword of holy wrath (weapon)
Missiles
 j - 16 sling bullets
Jewellery
 k - a ring of protection from cold (left tentacle)
 m - a ring of wizardry (right tentacle)
Scrolls
 f - 2 scrolls of enchant armour
 l - a scroll of teleportation
 n - a scroll of enchant weapon
Potions
 e - a potion of lignification
Comestibles
 b - 7 rations


   Skills:
 - Level 2.0 Dodging
 + Level 4.4 Stealth
 + Level 3.0 Spellcasting
 - Level 1.0 Transmutations
 * Level 5.7 Poison Magic


You had 2 spell levels left.
You knew the following spells:

 Your Spells              Type           Power        Failure   Level  Hunger
a - Sting                 Tmut/Pois      ##..         1%          1    None
b - Mephitic Cloud        Conj/Pois/Air  #.......     10%         3    ###....
c - Olgreb's Toxic Radia  Pois           ###.....     6%          4    ####...

Your spell library contained the following spells:

 Spells                   Type           Power        Failure   Level  Hunger
 Poisonous Vapours        Pois/Air       ##....       3%          2    ##.....
 Ignite Poison            Fire/Tmut/Pois ##......     9%          3    ###....


Dungeon Overview and Level Annotations

Branches:
Dungeon (4/15)
 Temple: D:4-7

Altars:


Innate Abilities, Weirdness & Mutations

You cannot wear most types of armour.
You are very stealthy in the water. (Stealth+)
You are amphibious.
You can wear up to eight rings at the same time.
You can use your tentacles to constrict eight enemies at once.
Your skin changes colour to match your surroundings (Stealth+).
Your rubbery body absorbs attacks. (AC +1, EV +1)


Message History

Unknown command.
Unknown command.
Unknown command.
You feel a strong urge to attack something.
* * * LOW HITPOINT WARNING * * *
You feel sick.
Dmg: -2%(-1hp) hp: 9%(4hp)
You feel your anger nearly subside.
* * * LOW HITPOINT WARNING * * *
You feel sick.
Huge Dmg: -2%(-1hp) hp: 7%(3hp)
You are no longer berserk.
You are exhausted.
You feel yourself slow down.
* * * LOW HITPOINT WARNING * * *
You feel sick.
Huge Dmg: -6%(-2hp) hp: 4%(1hp) Unknown command.
Okay, then.
You die...

#.# #. #.. ... .# #.
#.# #.# .# .. ..# #.#
.# ##. #.# #.## .## ..
#.# #.. .. #. #.# #.#
.#
.#.##.######.###.####.#
................@...<.#
...##.######.###.####.#
#. #.# #.# .# #. #.#
#.# .# .a ... ... .# o.
....##.# .# ##.
#######.# .# .. #.# W#


There were no monsters in sight!

Vanquished Creatures
  2 worker ants (D:4)
  7 adders
  A worm (D:2)
  4 dart slugs
  A leopard gecko (D:3)
  3 orcs
  3 bats
  A giant cockroach (D:3)
  4 goblins
  A hobgoblin (D:1)
  3 jackals (D:1)
  2 quokkas
  A ball python (D:3)
  3 frilled lizards
  9 kobolds
  6 rats
51 creatures vanquished.

Notes
Turn   | Place    | Note
-------+----------+-------------------------------------------
     0 | D:1      | Gobbopathe the Octopode Venom Mage began the quest for the
                  | Orb.
     0 | D:1      | Reached XP level 1. HP: 11/11 MP: 3/3
   152 | D:1      | Reached skill level 4 in Poison Magic
   152 | D:1      | Reached XP level 2. HP: 13/17 MP: 0/5
   857 | D:2      | Reached XP level 3. HP: 20/21 MP: 6/6
   862 | D:2      | Learned a level 3 spell: Mephitic Cloud
  1270 | D:2      | Reached XP level 4. HP: 27/27 MP: 7/7
  1339 | D:2      | Learned a level 4 spell: Olgreb's Toxic Radiance
  1685 | D:3      | Reached skill level 5 in Poison Magic
  2735 | D:3      | Reached XP level 5. HP: 29/31 MP: 9/9
  2860 | D:4      | Noticed a phantom
  2953 | D:4      | HP: 1/31 [poisoned by a worker ant]
  2954 | D:4      | Succumbed to a worker ant's poison

Illustrated notes

Levels and vault maps discovered:
D:1:      lemuel_arrival_room, layout_basic, minivault_11
D:2:      layout_basic
D:3:      layout_loops_corners, first_ration
D:4:      layout_basic, temple_fountains, hellmonk_ghost_happy_afterlife,
          nicolae_tso_besieged_by_evil

Skill      XL: |  1  2  3  4  5 |
---------------+----------------+-----
Stealth        | 3 4 |  4.4
Poison Magic   | 4 5 |  5.7
Spellcasting   | 3 |  3.0
Dodging        | |  2.0
Transmutations | |  1.0

Action                   |  1- 3 |  4- 6 || total
-------------------------+-------+-------++-------
Melee: Short sword       |    32 |    27 ||    59
       Constrict         |     8 |     6 ||    14
       Tentacles         |     4 |     4 ||     8
 Cast: Sting             |    24 |    26 ||    50
  Use: Scroll            |       |     9 ||     9
       Potion            |       |     6 ||     6
 Stab: Sleeping          |     4 |     6 ||    10
  Eat: Chunk             |     1 |     5 ||     6
Armor: Skin              |     2 |       ||     2
Dodge: Dodged            |    16 |    18 ||    34
